 Dungeon Crawl Stone Soup version 0.29-a0-757-g358383bc75 (webtiles) character file.

Game seed: 12464460301273076443

100 purpskrrrp the Chopper (level 4, -3/40 HPs)
             Began as a Hill Orc Monk on June 30, 2022.
             Killed from afar by Natasha (6 damage)
             ... with a puff of flame
             ... on level 3 of the Dungeon.
             The game lasted 00:10:29 (2225 turns).

purpskrrrp the Chopper (Hill Orc Monk)              Turns: 2225, Time: 00:10:29

Health: -3/40      AC:  5    Str: 15    XL:     4   Next: 73%
Magic:  4/4        EV: 11    Int: 10    God:
Gold:   75         SH:  0    Dex: 13    Spells: 3/3 levels left

rFire   . . .      SeeInvis .   a - +1 hand axe
rCold   . . .      Faith    .   (no shield)
rNeg    . . .      Spirit   .   e - +0 ring mail
rPois   .          Reflect  .   (no helmet)
rElec   .          Harm     .   (no cloak)
rCorr   .          Rampage  .   (no gloves)
Will    .....                   (no boots)
Stlth   +.........              (no amulet)
HPRegen 0.13/turn               (no ring)
MPRegen 0.09/turn               (no ring)

@: mighty
A: no striking features
a: no special abilities


You were on level 3 of the Dungeon.
You visited 1 branch of the dungeon, and saw 3 of its levels.

You collected 75 gold pieces.

Inventory:

Hand Weapons
 a - a +1 hand axe (weapon)
Missiles
 d - 3 large rocks
 f - 6 atropa-tipped darts (quivered)
Armour
 e - a +0 ring mail (worn)
Magical Staves
 b - a staff of conjuration
Scrolls
 h - a scroll of enchant weapon
 j - a scroll of teleportation
 o - a scroll of amnesia
Potions
 c - a potion of ambrosia
 g - 2 potions of attraction
 k - a potion of magic {unknown}
 l - a potion of haste {unknown}
 m - a potion of berserk rage {unknown}
 n - a potion of flight {unknown}
 q - a potion of might


   Skills:
 + Level 4.2 Fighting
 * Level 5.6 Axes
 + Level 1.1 Armour
 + Level 2.9 Dodging
 + Level 1.6 Stealth


You had 3 spell levels left.
You didn't know any spells.
Your spell library was empty.

Dungeon Overview and Level Annotations

Branches:
Dungeon (3/15)

Altars:

Shops:
D:2 (

Annotations:
D:3 Natasha


Message History

a +0 short sword; a kobold corpse Natasha hisses angrily.
Natasha stares at you and mumbles some strange words.
The magic dart hits you!
Things that are here:
a +0 short sword; a kobold skeleton Natasha zaps a wand.
The puff of flame hits you.
* * * LOW HITPOINT WARNING * * *
Natasha zaps a wand.
The puff of flame hits you.
* * * LOW HITPOINT WARNING * * *
You feel better.
Natasha stares at you and mumbles some strange words.
The magic dart hits you.
* * * LOW HITPOINT WARNING * * *
As you read the scroll of identify, it crumbles to dust.
q - 2 potions of might You feel better.
You feel very mighty all of a sudden.
Natasha is nearby!
Natasha claws you.
You closely miss Natasha.
Natasha zaps a wand.
The puff of flame hits you.
* * * LOW HITPOINT WARNING * * *
You hit Natasha.
Natasha is moderately wounded.
Natasha closely misses you.
You closely miss Natasha.
Natasha is moderately wounded.
Natasha claws you.
* * * LOW HITPOINT WARNING * * *
You barely miss Natasha.
Natasha is lightly wounded.
Natasha barely misses you.
You closely miss Natasha.
Natasha is lightly wounded.
Natasha zaps a wand.
The puff of flame hits you.
* * * LOW HITPOINT WARNING * * *
You slash Natasha!
Natasha is almost dead.
Natasha zaps a wand.
The puff of flame hits you.
You die...

##.......# #.##..#.#
.........# #.......#
#.#.....#######.####
#.........# #.# #.......#.#
##.##### #.......#.#
#......#
........#.####..###.#
.............).h###.#######
.##.......####.#@..........
. #....#### #.#.##.#######
###..# #.#.##.# #..#
#......# ...# ###.#### #...
#.# #... #.# #†# #.#


You could see Natasha.

Vanquished Creatures
  Natasha (D:3)
  2 adders (D:3)
  A worm (D:2)
  A dart slug (D:2)
  A ball python (D:1)
  9 bats
  6 endoplasms
  3 giant cockroaches (D:1)
  5 goblins
  3 hobgoblins
  4 jackals (D:1)
  3 quokkas
  2 frilled lizards (D:1)
  3 kobolds
  3 rats
47 creatures vanquished.

Notes
Turn   | Place    | Note
-------+----------+-------------------------------------------
     0 | D:1      | purpskrrrp the Hill Orc Monk began the quest for the Orb.
     0 | D:1      | Reached XP level 1. HP: 19/19 MP: 1/1
   245 | D:1      | Reached XP level 2. HP: 26/27 MP: 2/2
   690 | D:1      | Reached XP level 3. HP: 33/33 MP: 3/3
  1257 | D:2      | Reached skill level 5 in Axes
  1442 | D:2      | Found a faded altar of an unknown god.
  1560 | D:2      | Found Hitsu's Antique Weapon Boutique.
  1975 | D:3      | Reached XP level 4. HP: 38/40 MP: 4/4
  2101 | D:3      | Noticed Natasha
  2116 | D:3      | Killed Natasha
  2117 | D:3      | Reached skill level 1 in Armour
  2184 | D:3      | Noticed Natasha
  2225 | D:3      | Killed from afar by Natasha

Illustrated notes

Levels and vault maps discovered:
D:1:      eino_arrival_cavern_d, layout_loops_ring
D:2:      layout_loops_cross, serial_shops, shop,
          shapermc_ecumenical_altar_pompeii, minmay_cut_off
D:3:      layout_loops_cross, mainiacjoe_overflow_six_doors_small,
          cheibriados_altar_1, uniq_natasha, uniq_ijyb

Skill      XL: |  1  2  3  4 |
---------------+-------------+-----
Fighting       | 4 |  4.2
Axes           | 5 |  5.6
Armour         | 1 |  1.1
Dodging        | |  2.9
Stealth        | |  1.6

Action                   |  1- 3 |  4- 6 || total
-------------------------+-------+-------++-------
Melee: Hand axe          |   164 |    32 ||   196
       Punch             |     1 |       ||     1
  Use: Scroll            |     7 |     1 ||     8
       Potion            |       |     3 ||     3
 Stab: Sleeping          |     1 |       ||     1
Armor: Ring mail         |    68 |     4 ||    72
       Robe              |     3 |       ||     3
Dodge: Dodged            |   128 |    22 ||   150

Table legend: (Time is in decaauts)
 A = Elapsed time spent in this place.
 B = Non-inter-level travel time spent in this place.
 C = Inter-level travel time spent in this place.
 D = Time resting spent in this place.
 E = Time spent auto-exploring this place.
 F = Levels seen in this place.
 G = Mean time per level.
                   A        B        C        D        E       F      G
               +--------+--------+--------+--------+--------+-----+--------+
         Total |   2235 |   2193 |     42 |     81 |   1596 |   3 |  745.0 |
       Dungeon |   2235 |   2193 |     42 |     81 |   1596 |   3 |  745.0 |
               +--------+--------+--------+--------+--------+-----+--------+

Top non-repeatable levels by time:
     D:1: 1104 daAuts
     D:2: 830 daAuts
     D:3: 301 daAuts
